 Dungeon Crawl Stone Soup version 0.18.1-47-g9310371 (webtiles) character file.

23 sarahorange the Caller (level 2, -3/15 HPs)
             Began as a Deep Elf Summoner on June 14, 2016.
             Engulfed by a cloud of flame (18 damage)
             ... on level 2 of the Dungeon.
             The game lasted 00:18:14 (1392 turns).

sarahorange the Caller (Deep Elf Summoner)          Turns: 1392, Time: 00:18:15

Health: -3/15      AC:  2    Str:  5    XL:     2   Next: 75%
Magic:  8/8        EV: 13    Int: 19    God:
Gold:   38         SH:  0    Dex: 15    Spells: 2 memorised, 4 levels left

rFire  . . .     SeeInvis .     i - +0 dagger
rCold  . . .     Gourm    .     a - +0 robe
rNeg   . . .     Faith    .     (no shield)
rPois  .         Spirit   .     (no helmet)
rElec  .         Dismiss  .     (no cloak)
rCorr  .         Reflect  .     (no gloves)
SustAt .         Harm     .     (no boots)
MR     .....                    (no amulet)
Stlth  ++........               (no ring)
                                (no ring)

@: not resistant to hostile enchantments, unstealthy
A: no striking features
a: no special abilities


You were on level 2 of the Dungeon.
You were not hungry.

You visited 1 branch of the dungeon, and saw 2 of its levels.

You collected 38 gold pieces.

Inventory:

Hand Weapons
 i - a +0 dagger (weapon)
Missiles
 d - 20 stones (quivered)
 f - 24 arrows
 h - 8 bolts
 p - 22 poisoned needles
Armour
 a - a +0 robe (worn)
 j - a +0 robe
 l - a +0 robe
Scrolls
 e - a scroll of identify
 g - a scroll of blinking {unknown}
 k - a scroll of random uselessness {unknown}
 m - a scroll of amnesia {unknown}
 o - a scroll of immolation {unknown}
 q - a scroll of remove curse {unknown}
Books
 b - a book of Callings

   Spells                             Type                      Level
   a - Summon Small Mammal            Summoning                    1
   b - Call Imp                       Summoning                    2
   c - Call Canine Familiar           Summoning                    3
   d - Summon Guardian Golem          Hexes/Summoning              3
   e - Summon Lightning Spire         Summoning/Air                4
   f - Summon Ice Beast               Ice/Summoning                4
Comestibles
 c - a bread ration
 n - a slice of pizza
 r - 4 chunks of flesh


   Skills:
 + Level 0.1 Fighting
 + Level 2.5 Dodging
 + Level 2.7 Stealth
 + Level 3.2 Spellcasting
 + Level 5.0 Summonings


You had 4 spell levels left.
You knew the following spells:

 Your Spells              Type           Power        Failure   Level  Hunger
a - Summon Small Mammal   Summ           ###.         1%          1    None
b - Call Imp              Summ           ###.....     3%          2    ##.....


Dungeon Overview and Level Annotations

Branches:
Dungeon (2/15)

Altars:
Fedhas
Vehumet


Message History

The hobgoblin dies!
You swap places.
Found a scroll of identify.
Found a radiant altar of Vehumet.
You see here a hobgoblin corpse.
You butcher the hobgoblin corpse.
r - 4 chunks of flesh
Press: ? - help, v - describe, . - travel, g - get item A scroll of identify.
The floor.
You swap places.
There is a blossoming altar of Fedhas here.
You kneel at the altar of Fedhas.
You swap places.
Really walk into a travel-excluded area?
Okay, then.
Really walk into a travel-excluded area?
You swap places.
You are engulfed in roaring flames.
Ouch! That really hurt!
You die...

#._#
##.###
#...##
#.#..###
#.....§#
##.§.§.#
#5.§.§#
#.§.§.#
#@.§..#
##...##
##.##
#..# #.#
.# .. .#


You could see a friendly white imp.

Vanquished Creatures
  A goblin (D:1)
1 creature vanquished.

Vanquished Creatures (collateral kills)
  An adder (D:2)
  An ooze (D:1)
  A dart slug (D:2)
  A giant gecko (D:2)
  A giant cockroach (D:1)
  2 goblins (D:1)
  3 hobgoblins
  A ball python (D:1)
  3 bats
  3 giant newts
  2 kobolds
  2 rats (D:1)
21 creatures vanquished.

Vanquished Creatures (others)
  A bat (D:2)
1 creature vanquished.

Grand Total: 23 creatures vanquished

Notes
Turn   | Place    | Note
--------------------------------------------------------------
     0 | D:1      | sarahorange the Deep Elf Summoner began the quest for the Orb.
     0 | D:1      | Reached XP level 1. HP: 10/10 MP: 6/6
   600 | D:1      | Reached XP level 2. HP: 15/15 MP: 8/8
   606 | D:1      | Learned a level 2 spell: Call Imp
  1144 | D:2      | Reached skill level 5 in Summonings
  1335 | D:2      | Found a blossoming altar of Fedhas.
  1368 | D:2      | Found a radiant altar of Vehumet.
  1392 | D:2      | Engulfed by a cloud of flame

Skill      XL: |  1  2 |
---------------+-------+-----
Summonings     | 5 |  5.0
Fighting       | |  0.1
Dodging        | |  2.5
Stealth        | |  2.7
Spellcasting   | |  3.2

Action                   || total
-------------------------++-------
Melee: Unarmed           ||    12
       Dagger            ||    11
Throw: Stone             ||     2
 Cast: Summon Small Mamm ||     7
       Call Imp          ||    14
  Use: Scroll            ||     1
  Eat: Chunk             ||     2
Armor: Robe              ||     6
Dodge: Dodged            ||    25
